 Dungeon Crawl Stone Soup version 0.21-a0-110-g8e1637b (webtiles) character file.

130 Lavandula the Bolt Thrower (level 4, 7/33 HPs)
             Began as a Mummy Arcane Marksman on July 7, 2017.
             Quit the game on level 5 of the Dungeon.
             The game lasted 00:09:11 (1714 turns).

Lavandula the Bolt Thrower (Mummy Arcane Marksman)  Turns: 1714, Time: 00:09:12

Health: 7/33       AC:  4    Str: 13    XL:     4   Next: 90%
Magic:  0/6        EV: 12    Int: 12    God:
Gold:   175        SH:  0    Dex: 18    Spells: 2/5 levels left

rFire    x . .     SeeInvis .   p - +0 quarterstaff
rCold    + . .     Gourm    .   (shield currently unavailable)
rNeg     + + +     Faith    .   o - +0 leather armour
rPois    ∞         Spirit   .   j - +0 helmet
rElec    .         Reflect  .   (no cloak)
rCorr    .         Harm     .   (no gloves)
MR       .....                  (no boots)
Stlth    +.........             (no amulet)
HPRegen  0.11/turn              f - +5 ring of dexterity
MPRegen  0.10/turn              (no ring)

@: very slightly contaminated
A: no food or potions, fire vulnerability, cold resistance 1, negative energy
resistance 3, torment resistance, unbreathing
a: no special abilities


You were on level 5 of the Dungeon.
You were not hungry.

You visited 1 branch of the dungeon, and saw 5 of its levels.

You collected 175 gold pieces.

Inventory:

Hand Weapons
 a - a +0 hand crossbow
 b - a +0 spear
 g - a +0 mace
 m - a +0 dagger of draining
 p - a +0 quarterstaff (weapon)
Missiles
 d - 4 bolts
Armour
 e - a +0 robe
 i - a +0 buckler
 j - a +0 helmet (worn)
 l - a +0 ring mail
 o - a +0 leather armour (worn)
Jewellery
 f - a +5 ring of dexterity (left hand)
 h - an uncursed amulet of guardian spirit {unknown}
 n - an uncursed amulet of harm {unknown}
Scrolls
 k - 2 scrolls of amnesia
Books
 c - a book of Debilitation

   Spells                             Type                      Level
   a - Corona                         Hexes                        1
   b - Slow                           Hexes                        2
   c - Inner Flame                    Hexes/Fire                   3
   d - Portal Projectile              Hexes/Translocation          3
   e - Cause Fear                     Hexes                        4
   f - Leda's Liquefaction            Hexes/Earth                  4


   Skills:
 + Level 2.2 Fighting
 - Level 3.8 Crossbows
 - Level 1.5 Dodging
 - Level 1.3 Spellcasting
 - Level 2.6 Hexes


You had 2 spell levels left.
You knew the following spells:

 Your Spells              Type           Power        Failure   Level  Hunger
a - Corona                Hex            #......      12%         1    N/A
b - Slow                  Hex            #.......     19%         2    N/A

Dungeon Overview and Level Annotations

Branches:
Dungeon (5/15)
 Temple: D:4-7

Altars:
Nemelex Xobeh

Annotations:
D:2 Grinder
D:4 exclusion: worker ant


Innate Abilities, Weirdness & Mutations

You do not eat or drink.
Your flesh is vulnerable to fire.
You are immune to poison.
Your flesh is cold resistant. (rC+)
You are immune to negative energy. (rN+++)
You are immune to unholy pain and torment.
You can survive without breathing.


Message History

Aim: a bullfrog (chance to defeat MR: 41%)
The bullfrog resists with some effort.
The bullfrog hits you.
Unknown command.
Okay, then.
The bullfrog closely misses you.
You hit the bullfrog.
The bullfrog is moderately wounded.
The bullfrog closely misses you.
The bullfrog hits you but does no damage.
You hit the bullfrog.
The bullfrog is moderately wounded.
The bullfrog barely misses you. x2
You barely miss the bullfrog.
The bullfrog is moderately wounded.
The bullfrog hits you!
* * * LOW HITPOINT WARNING * * *
The bullfrog hits you.
* * * LOW HITPOINT WARNING * * *
Okay, then.
Are you sure you want to abandon this character and quit the game? (Confirm with "yes".)

#.. ..# #...
...# #....♣♣
♣♣... # #....♣.
.♣....#
#...♣.?♣%.♣...#
#....♣...♣....#
#....♣♣.♣♣.!..#
#.....F♣......#
#......@......#
#.............#
#.......(.....#
#######'#######
#..# #.##
########.#
#..<.....#
...........###


You could see a bullfrog.

Vanquished Creatures
  3 gnolls (D:3)
  4 adders (D:3)
  3 oozes
  A worm (D:3)
  A dart slug (D:3)
  2 leopard geckos
  A ball python (D:1)
  2 giant cockroaches (D:1)
  7 hobgoblins
  8 bats
  4 frilled lizards
  9 goblins
  2 kobolds (D:3)
  4 rats (D:1)
51 creatures vanquished.

Notes
Turn   | Place    | Note
-------+----------+-------------------------------------------
     0 | D:1      | Lavandula the Mummy Arcane Marksman began the quest for the Orb.
     0 | D:1      | Reached XP level 1. HP: 15/15 MP: 2/2
    34 | D:1      | Reached skill level 2 in Crossbows
   117 | D:1      | Reached XP level 2. HP: 21/21 MP: 4/4
   175 | D:1      | Found a sparkling altar of Nemelex Xobeh.
   409 | D:2      | Reached XP level 3. HP: 25/26 MP: 5/5
   476 | D:3      | Reached skill level 3 in Crossbows
   564 | D:3      | Reached XP level 4. HP: 7/32 MP: 4/6
   710 | D:3      | Learned a level 2 spell: Slow
   950 | D:3      | Noticed Grinder
  1044 | D:2      | Paralysed by Grinder for 3 turns
  1610 | D:4      | Noticed an ogre
  1680 | D:5      | Entered Level 5 of the Dungeon
  1705 | D:5      | Noticed a bullfrog
  1714 | D:5      | Quit the game

Vault maps used:
D:1:      dpeg_arrival_simpleton_a, minmay_misc_feat_iff,
          grunt_decor_resistance, nemelex_diamond_rough_becter
D:3:      lemuel_crystal_altar, kennysheep_minor_cross, uniq_grinder
D:4:      kennysheep_spiral_hall, lemuel_crystal_altar, minmay_fire_ice_demons
D:5:      first_bread, kennysheep_generic_room_2

Skill      XL: |  1  2  3  4 |
---------------+-------------+-----
Crossbows      | 2 3 |  3.8
Fighting       | 2 |  2.2
Dodging        | |  1.5
Spellcasting   | |  1.3
Hexes          | |  2.6

Action                   |  1- 3 |  4- 6 || total
-------------------------+-------+-------++-------
Melee: Dagger            |     1 |    24 ||    25
       Quarterstaff      |       |     7 ||     7
 Fire: Hand crossbow     |    55 |    55 ||   110
 Cast: Corona            |     9 |    12 ||    21
       Slow              |       |     5 ||     5
  Use: Scroll            |       |     3 ||     3
Armor: Robe              |     8 |     7 ||    15
       Leather armour    |       |    16 ||    16
Dodge: Dodged            |    11 |    40 ||    51
